[Event "BCS-Floripa Super Blitz 2025"]
[Site "Florianopolis"]
[Date "2025.01.22"]
[Round "5.12"]
[White "Contreras Huaman, Fiorella"]
[Black "Pinero Rodriguez, Carlos Jose"]
[Result "1-0"]
[Annotator "TA"]
[ECO "B24"]
[WhiteElo "2170"]
[BlackElo "2311"]
[PlyCount "92"]
[EventDate "2025.01.18"]
[EventType "swiss"]
[EventCountry "BRA"]
[SourceTitle "playchess.com"]
[Source "ChessBase"]
[SourceQuality "1"]
[TimeControl "180+2"]

1. e4 c5 2. Nc3 e6 3. Nge2 Nc6 4. g3 g6 5. Bg2 Bg7 6. d3 Nge7 7. Be3 Nd4 8. O-O h5 9. h3 Rb8 10. Qd2 b5 {[%emt 0:00:04] [#]} 11. b4 $1 d6 12. Rab1 Bd7 13. a3 a5 14. Na2 axb4 ({Better is} 14... Nxe2+ $15 15. Qxe2 cxb4 16. axb4 a4) 15. axb4 $11 Nxe2+ 16. Qxe2 Ra8 (16... cxb4 $11 {remains equal.} 17. Nxb4 O-O) 17. c3 ({White should play} 17. c4 $16) 17... Rc8 18. bxc5 dxc5 19. d4 {[%emt 0:00:01] White is more active.} cxd4 20. cxd4 O-O 21. Nb4 Rc4 22. Rfd1 Qa5 23. Qd2 Rfc8 {[%emt 0:00:11] [#]} (23... Qa8 $14) 24. Nd5 Qd8 25. Nxe7+ Qxe7 26. d5 (26. Bf1 $11) 26... Bc3 $15 27. Qd3 b4 28. d6 Qf6 29. f4 (29. h4 $15) 29... e5 $17 30. Rf1 (30. Qd5 $17) 30... R8c6 31. fxe5 (31. Qd5 $17 {was called for.}) 31... Qxe5 $19 32. Bf4 Qd4+ (32... Qe6 $19 33. Kh1 Rd4) 33. Qxd4 $17 Bxd4+ (33... Rxd4 34. e5 $17) 34. Kh1 {[%emt 0:00:01] [#]} Rc8 (34... Rb6 $1 $19 {Hoping for ...b3.} 35. Rb3 Ba4) 35. Rfd1 f6 (35... Bc3 $17) 36. Rd3 (36. Bf1 $11) 36... g5 (36... Kf7 $17 37. h4 Bc3) 37. Be3 ({White must play} 37. Bd2 $15) 37... Be5 38. Rbd1 (38. Bd2 $17) 38... Rc3 $19 ({Less strong is} 38... Bxg3 39. e5 Bxe5 40. Bd5+ Kh7 41. Bxc4 Rxc4 42. Kg1 $15) 39. Rxc3 $2 (39. Bd4) 39... bxc3 (39... Bxc3 $2 40. Rb1 $17) 40. Bc1 Bxg3 41. Bf3 h4 42. Kg2 Be5 43. Kf2 Rc6 44. Ke2 Rxd6 45. Rxd6 Bxd6 46. Bg2 Bb5+ 1-0

[Event "BCS-Floripa Super Blitz 2025"]
[Site "Florianopolis"]
[Date "2025.01.22"]
[Round "5.12"]
[White "Burgos, Marcelo Alves"]
[Black "De Oliveira, Jairo Quintiliano"]
[Result "0-1"]
[Annotator "TA"]
[ECO "D11"]
[WhiteElo "2080"]
[BlackElo "1947"]
[PlyCount "96"]
[EventDate "2025.01.18"]
[EventType "swiss"]
[EventCountry "BRA"]
[SourceTitle "playchess.com"]
[Source "ChessBase"]
[SourceQuality "1"]
[TimeControl "180+2"]

1. d4 d5 2. c4 c6 3. Nf3 Nf6 4. g3 dxc4 5. Nbd2 b5 6. Bg2 Bb7 (6... a5 $15) 7. O-O e6 8. a4 Nbd7 9. Qc2 Be7 10. b3 cxb3 11. Nxb3 O-O 12. Ne5 Nxe5 13. dxe5 Nd5 14. Bxd5 cxd5 (14... Qxd5 15. Rd1 Qc4 (15... Qxe5 16. Rd7 $16) 16. Qxc4 bxc4 17. Na5 $14) (14... exd5 $17 15. Be3 a5) 15. axb5 $11 a6 16. bxa6 Rxa6 17. Rxa6 Bxa6 18. Be3 {[%emt 0:00:02] [#]} ({White should play} 18. Nd4 $15) 18... Qb8 $1 $17 19. Bd4 {[%emt 0:00:02] [#]} Bxe2 $1 20. Rb1 Bc4 21. Nd2 {[%emt 0:00:02] [#]} Qc7 $1 22. Rc1 Rc8 23. Qa4 Qc6 24. Qxc6 Rxc6 25. Ra1 Ra6 (25... h6 26. Ra8+ Kh7) 26. Rb1 g6 ({Black should play} 26... Ra8 $15 27. Nxc4 dxc4) 27. Rb8+ Kg7 {[%emt 0:00:02] With the idea ...Be2.} 28. Rc8 (28. Nxc4 $11 {keeps the balance.} dxc4 29. Rc8) 28... Ra4 29. Rc7 Bg5 (29... Ba3 $19 30. Nf3 h6) 30. f4 Bd8 31. Rc8 Be7 32. Rc7 Ba3 33. Nxc4 (33. Kf2 $17) 33... Rxc4 $19 34. Rxc4 (34. Bb6 $142) 34... dxc4 $17 {[%emt 0:00:02][%mdl 4096] Endgame KB-KB. Black is a pawn up.} 35. Kf2 Kf8 (35... g5 $19 {and Black stays clearly on top.} 36. fxg5 Kg6) 36. Ke3 Ke7 37. Kd2 $2 (37. Bc3 $17 {was worth a try.}) 37... Bb4+ $19 38. Bc3 Bc5 {[%emt 0:00:02] Hoping for ...Kd7.} 39. h3 $2 (39. Bb2) 39... Kd7 40. Ba5 Kc6 41. Kc3 Kd5 42. Bd8 Bf2 43. g4 Be1+ 44. Kc2 Ke4 45. Bg5 Bg3 46. Kc3 Bxf4 47. Bh4 Kd5 48. Bf6 Bxe5+ 0-1

[Event "BCS-Floripa Super Blitz 2025"]
[Site "Florianopolis"]
[Date "2025.01.22"]
[Round "5.13"]
[White "Bambino Filho, Antonio Carlos"]
[Black "Serpa, Rafael Araujo"]
[Result "1-0"]
[Annotator "TA"]
[ECO "A13"]
[WhiteElo "2179"]
[BlackElo "2094"]
[PlyCount "77"]
[EventDate "2025.01.18"]
[EventType "swiss"]
[EventCountry "BRA"]
[SourceTitle "playchess.com"]
[Source "ChessBase"]
[SourceQuality "1"]
[TimeControl "180+2"]

1. c4 e6 2. Nf3 d5 3. g3 Nf6 4. Bg2 dxc4 5. Qa4+ Bd7 6. Qxc4 c5 7. Ne5 Qc8 8. O-O Nc6 9. Nxd7 Qxd7 10. b3 a6 11. Bb2 b5 12. Qc2 Rc8 13. d3 Be7 14. Nd2 O-O 15. a4 Rfd8 16. Nf3 Nd5 17. axb5 axb5 18. Ne5 Ncb4 {[%emt 0:00:55] A dynamic duo of knights.} 19. Qd2 Qc7 20. Rac1 Bf6 21. f4 Qb6 {[%emt 0:00:08] ...Na2 would now be deadly.} 22. Kh1 {[%emt 0:00:05] [#]} c4 23. bxc4 $14 bxc4 (23... Bxe5 $1 $14 24. cxd5 (24. Bxe5 bxc4 25. Rg1 cxd3 $15) 24... Bxb2 25. Rxc8 Rxc8 26. Qxb4 Bc3) 24. Nxc4 $18 ({And not} 24. Rxc4 Bxe5 25. Rxc8 (25. fxe5 $2 {loses.} Rxc4 26. dxc4 Ne3 $19) 25... Rxc8 $11) 24... Rxc4 $2 (24... Qc5 25. Ba3 Be7) 25. Rxc4 Nc6 26. Bxf6 gxf6 27. Bxd5 Rxd5 28. Rfc1 Nd4 29. e4 Rd7 {[%emt 0:00:02] [#]} 30. f5 e5 $2 (30... exf5 31. exf5 Qb7+ 32. Qg2 Nxf5 33. Qxb7 Rxb7) 31. Qh6 {[%emt 0:00:11] Intending Rc8+ and mate.} Nf3 32. Rc8+ Rd8 33. Rxd8+ (33. Qh5 $142 Ng5 34. h4) 33... Qxd8 {[%emt 0:00:01][%mdl 4096] Endgame KQR-KQN} 34. Qe3 Ng5 (34... Nd4 $142 35. Qh6 Nb5) 35. h4 Qa5 36. hxg5 Qa3 37. gxf6 h5 38. Qg5+ Kf8 39. Rc8# 1-0

[Event "BCS-Floripa Super Blitz 2025"]
[Site "Florianopolis"]
[Date "2025.01.22"]
[Round "5.14"]
[White "Dauer, Andre Leonardo"]
[Black "Rodrigues Mota, Romulo Cardoso S"]
[Result "0-1"]
[Annotator "TA"]
[ECO "B90"]
[WhiteElo "2138"]
[BlackElo "1953"]
[PlyCount "76"]
[EventDate "2025.01.18"]
[EventType "swiss"]
[EventCountry "BRA"]
[SourceTitle "playchess.com"]
[Source "ChessBase"]
[SourceQuality "1"]
[TimeControl "180+2"]

1. e4 c5 2. Nf3 d6 3. d4 cxd4 4. Nxd4 Nf6 5. Nc3 a6 6. f3 e5 7. Nb3 Be6 8. Be3 Be7 9. Qd2 O-O 10. g4 Nbd7 11. O-O-O b5 12. h4 Nb6 13. h5 (13. g5 $11 Nh5 14. Qf2) 13... Nc4 14. Qf2 $2 (14. Bxc4 $15 bxc4 15. Na1) 14... Nxe3 15. Qxe3 b4 16. Ne2 {[%emt 0:00:12] [#]} Nxg4 $1 17. Qg1 (17. fxg4 $2 Bg5 $19) 17... Bg5+ 18. Kb1 Be3 (18... Ne3 19. Rd3 Nxf1 20. Qxf1 $19) 19. Qg2 Nf2 20. h6 $2 (20. Rg1 {only move.} g5 (20... Nxd1 21. Qxg7#) 21. Re1) 20... g6 $19 {[%emt 0:00:02] Active counter play!} ({And not} 20... Nxd1 21. Qxg7#) 21. Re1 Nxh1 22. Qxh1 Rc8 {[%emt 0:00:10] ...Qc7 would now be deadly.} 23. Nec1 {[%emt 0:00:08] [#]} Qc7 $1 24. Bd3 (24. Na1 Bg5) 24... Bf4 25. Qh4 f6 26. Ne2 Bg5 27. Qf2 Bc4 (27... Bxh6 28. Qh2 Be3 29. Rh1) 28. Bxc4+ Qxc4 29. Ng1 d5 30. Nh3 dxe4 31. Rxe4 Qd5 32. Qe2 {[%emt 0:00:13] Prevents Qd1+.} Rfd8 {[%emt 0:00:00] ( -> ...Qd1+)} 33. Nxg5 Qd1+ ({Much less strong is} 33... fxg5 34. a4 Qd1+ 35. Qxd1 Rxd1+ 36. Ka2) 34. Qxd1 Rxd1+ 35. Nc1 fxg5 36. Rxe5 Rd2 37. Re4 a5 38. Re2 Rcxc2 0-1

[Event "BCS-Floripa Super Blitz 2025"]
[Site "Florianopolis"]
[Date "2025.01.22"]
[Round "5.15"]
[White "Ribeiro, Regina"]
[Black "Ribeiro, Matheus Mendes Domin"]
[Result "0-1"]
[Annotator "TA"]
[ECO "A03"]
[WhiteElo "1899"]
[BlackElo "2328"]
[PlyCount "40"]
[EventDate "2025.01.18"]
[EventType "swiss"]
[EventCountry "BRA"]
[SourceTitle "playchess.com"]
[Source "ChessBase"]
[SourceQuality "1"]
[TimeControl "180+2"]

1. Nf3 d5 2. b3 Nf6 3. Bb2 g6 4. e3 Bg7 5. Be2 O-O 6. O-O c5 7. Ne5 Nc6 8. f4 d4 9. Nxc6 bxc6 10. Na3 Nd5 11. exd4 (11. Nc4 $11) 11... cxd4 $15 12. Nc4 Qc7 13. g3 $1 c5 14. Bd3 Bb7 $36 {[%emt 0:00:02][%mdl 2048] White is under pressure.} 15. Qe2 e6 16. a4 Rfe8 {[%emt 0:00:12] Hoping for ...e5.} 17. a5 (17. Be4 $15) 17... Nb4 $17 18. Be4 {[%emt 0:00:11] Dodges Qc6} Bxe4 19. Qxe4 f5 20. Qf3 Rab8 (20... Nxc2 $17 21. Rab1 Nb4) 0-1

[Event "BCS-Floripa Super Blitz 2025"]
[Site "Florianopolis"]
[Date "2025.01.22"]
[Round "5.16"]
[White "Dos Santos, Leonardo Lopes"]
[Black "Cueto, Jonny"]
[Result "1-0"]
[Annotator "TA"]
[ECO "B07"]
[WhiteElo "1831"]
[BlackElo "2126"]
[PlyCount "177"]
[EventDate "2025.01.18"]
[EventType "swiss"]
[EventCountry "BRA"]
[SourceTitle "playchess.com"]
[Source "ChessBase"]
[SourceQuality "1"]
[TimeControl "180+2"]

1. e4 d6 2. d4 Nf6 3. Nc3 e5 4. dxe5 dxe5 5. Qxd8+ Kxd8 6. Bg5 Be6 7. O-O-O+ Nbd7 8. Nd5 Kc8 9. Nxf6 Nxf6 10. Bd3 Bc5 11. f3 {[%emt 0:00:04] Prevents Ng4.} Nd7 (11... Bxa2 $6 12. b3 $16) 12. Ne2 f6 13. Bd2 ({White should play} 13. Bh4 $1 $15) 13... a5 (13... Bxa2 $17 14. b4 Bf8) 14. Nc3 c6 15. Na4 Be7 16. Be3 b5 $1 17. Nc3 $1 Bc5 18. Bxc5 Nxc5 19. Kb1 b4 20. Ne2 Rd8 $36 {[%emt 0:00:00][%mdl 2048] Black has some pressure.} 21. f4 (21. Nc1 $15) 21... Ra7 22. fxe5 fxe5 23. Ng3 a4 24. Rhf1 (24. Be2 $1 $15) 24... b3 25. a3 Rad7 26. Nf5 $2 (26. Kc1 $17) 26... g6 27. Ng3 (27. Ne3 {was called for.}) 27... Nxd3 28. cxd3 Rxd3 29. Rxd3 Rxd3 $19 {[%emt 0:00:00][%mdl 4096] Endgame KRB-KRN. Black is a pawn up.} 30. Rf8+ Kd7 31. Kc1 Bg4 {[%emt 0:00:00] Against Ne2} 32. Rf1 {[%emt 0:00:07] Repels Rd1+} Ke7 33. Nh1 Re3 $2 (33... Rd4 $19 34. Nf2 Be2) 34. Nf2 $2 (34. Ng3 $11) 34... Be6 $2 ({Better is} 34... h5 $1 $19 {Hoping for ...Re2.} 35. Nxg4 hxg4) 35. Kd2 $15 Bc4 $1 36. Re1 {[%emt 0:00:06] Prevents Re2+.} Rxe1 37. Kxe1 {[%emt 0:00:00] KB-KN. Black is a pawn up.} Kd6 38. Kd2 Bf1 39. g3 Bg2 40. Kc3 c5 41. Kc4 Bf1+ 42. Kc3 h5 43. Nd1 Bg2 44. Nf2 g5 45. Kc4 Bf1+ 46. Kc3 Be2 47. Kd2 Bb5 48. Kc3 Ke6 49. Nd1 Be2 50. Nf2 h4 51. gxh4 $2 (51. Nh3 $11 {and White is okay.} Ke7 52. Kd2 (52. Nxg5 $2 hxg3 53. hxg3 Bg4 $19) 52... hxg3 53. hxg3) 51... gxh4 $19 52. Kd2 Bf1 53. Kc3 Kf6 54. Kd2 $2 (54. Ng4+ Kg5 (54... Ke6 $2 55. Ne3 $19) 55. Nxe5) 54... Kg5 55. Ke3 c4 {[%emt 0:00:06][%cal Oc4c3] ( -> ...c3!)} 56. Nd1 Kg4 $2 (56... Bh3 $1 $19 {is more deadly.} 57. Nc3 Bd7) 57. Nf2+ $2 (57. Nc3 $17 {was the crucial defense.}) 57... Kg5 58. Nd1 {[%emt 0:00:01] [#]} h3 $4 (58... Bh3 $1 $19 {and all is fine.} 59. Nc3 Bd7) 59. Nc3 $18 Kf6 60. Nxa4 {[%emt 0:00:02] Nc3 would now be deadly.} Ke7 (60... c3 $142) 61. Nc3 Kd6 62. Kf2 Bd3 63. Kg3 Kc5 64. a4 Kd4 (64... Bf1 $142 65. Kg4 Bg2) 65. a5 {[%emt 0:00:01] White wants to mate with a6.} Kc5 66. Kxh3 Kc6 67. Kg3 Kb7 68. h4 Ka6 69. h5 Kxa5 70. h6 Kb4 71. h7 Kc5 72. h8=Q Kd4 73. Qd8+ Ke3 74. Qb6+ Kd2 75. Qf2+ Kc1 76. Ne2+ Kxb2 {[%emt 0:00:00] [#]} 77. Nc1+ $2 Kc3 $2 (77... Kxc1 $11 78. Kf3 c3 (78... b2 79. Ke3 $11)) 78. Nxd3 cxd3 79. Qc5+ Kd2 80. Qb4+ Ke2 81. Qxb3 d2 82. Qc2 Ke1 83. Qc3 Ke2 84. Qc4+ Ke3 85. Qc3+ Ke2 $1 86. Qc2 Ke1 $1 87. Kg4 d1=Q+ 88. Qxd1+ Kxd1 89. Kf5 1-0

[Event "BCS-Floripa Super Blitz 2025"]
[Site "Florianopolis"]
[Date "2025.01.22"]
[Round "5.17"]
[White "Becker, Rogerio Sperb"]
[Black "Ramazzotte, Maicon Zilli"]
[Result "1-0"]
[Annotator "TA"]
[ECO "A15"]
[WhiteElo "2126"]
[BlackElo "1785"]
[PlyCount "153"]
[EventDate "2025.01.18"]
[EventType "swiss"]
[EventCountry "BRA"]
[SourceTitle "playchess.com"]
[Source "ChessBase"]
[SourceQuality "1"]
[TimeControl "180+2"]

1. c4 Nf6 2. g3 g6 3. Bg2 d5 4. cxd5 Nxd5 5. Qb3 Nb6 6. Qc3 {[%emt 0:00:01] Prevents Bg7} f6 7. d4 Bg7 8. Nf3 Nc6 9. O-O O-O 10. a3 (10. Qb3+ $14 Qd5 11. Qxd5+ Nxd5 12. Nc3 Nxc3 13. bxc3) 10... a5 11. h3 a4 12. Rd1 Nd5 (12... Bf5 $15) 13. Qc2 $11 f5 14. Nc3 e6 (14... Nxc3 $1 $14 15. bxc3 Be6) 15. Nxd5 exd5 16. Bf4 Qe7 17. h4 Qe4 (17... h6 $16 18. Rd3 Re8) 18. Qd2 Qe7 19. Rac1 Re8 20. e3 Be6 21. Rc5 Qd7 (21... h6 22. Bf1 Bf7) 22. Rdc1 Bf8 23. R5c3 Bd6 24. Bxd6 Qxd6 {[%emt 0:00:06] [#]} 25. Ne5 Na5 $16 26. Qe1 (26. Rxc7 Nb3 27. Qd1 Nxc1 28. Rxc1 (28. Qxc1 Rac8 $11) 28... Rec8 $11) 26... c6 27. Bf1 $36 {[%emt 0:00:08][%mdl 2048] Dodges Nc4. White is more active.} Nb3 28. R1c2 Kg7 29. Qd1 Rf8 (29... Bf7 $14) 30. Nd3 (30. Nxc6 $1 bxc6 31. Rxc6) 30... h6 31. Ne5 Rh8 $2 (31... Rfc8 $14) 32. Bg2 $2 (32. Nxc6 $18 bxc6 33. Rxc6) 32... g5 $2 (32... Rhe8 $14) 33. hxg5 $2 (33. Qh5 $18 {and the rest is easy.} Bg8 34. hxg5) 33... hxg5 34. Qf3 ({White should try} 34. Nxc6 $1 $16 bxc6 35. Rxc6) 34... Raf8 35. Nxc6 g4 (35... bxc6 36. Rxc6 Qe7 37. Rc7 $16) (35... Na1 $1 $11 36. Rc1 g4 (36... Nb3 37. R1c2 $11)) 36. Qe2 $1 bxc6 37. Rxc6 Qe7 38. Rc7 (38. Qa6 $1 $16 Rf6 39. Qxa4) 38... Bd7 $11 39. Bxd5 Rc8 $2 {[%emt 0:00:01][%mdl 8192] [#]} (39... Qd6 $11 {and Black has nothing to worry.} 40. Qc4 Kg6 (40... Rc8 $2 41. Qc6 $18)) 40. Qa6 $1 $18 Nxd4 $2 (40... Rxc7 41. Rxc7 Rd8 (41... Nd2 $2 42. Qb7 $18)) 41. Qa7 Rcd8 $2 (41... Nxc2 $2 42. Rxd7 $18) (41... Nb5 42. Rxd7 Nxa7 43. Rxe7+ Kf6) 42. Qxd4+ Kg6 43. R2c6+ Bxc6 44. Rxe7 Bxd5 45. Qg7+ Kh5 46. Rd7 (46. Re5 $142 Rhf8 47. e4 Rf7 48. Rxf5+ Rxf5 49. exf5 (49. Qh7+ Kg5 50. Qg7+ Kh5 51. exf5 Rd6 52. Qe7 Kh6 53. Qxd6+ Kg7 54. Qxd5 Kh7) 49... Rd6 50. Qe7 Kh6 51. Qxd6+ Kg7 52. Qxd5) 46... Rdg8 {[%emt 0:00:17] [#]} 47. Qxh8+ $2 Rxh8 48. Rxd5 {[%emt 0:00:02][%mdl 4096] Endgame KR-KR. White is two pawns up.} Kg5 (48... Kg6 $142 49. Rd4 Rb8) 49. Rd4 Rb8 (49... Ra8 {was called for.} 50. Rb4 Kf6) 50. Rxa4 Rxb2 51. Kg2 Kf6 52. Ra8 Ke5 53. a4 Ra2 54. a5 Kf6 $2 (54... Ke6 55. a6 Kf7) 55. a6 Kg7 56. Kf1 (56. a7 $142 Ra1 57. Kh2) 56... Kh7 (56... Ra1+ $142 57. Kg2 Kh6) 57. Ke1 (57. a7 $142 {Kg1 is the strong threat.} Ra3 58. Ke1) 57... Kg7 (57... Ra1+ $142 58. Kd2 (58. Ke2 Ra2+ 59. Kd3 Rxf2 $18) 58... Ra2+ 59. Kc3 Rxf2) 58. a7 Kh7 59. Kd1 Kg7 60. Kc1 Kh7 61. Kb1 Ra6 62. Kb2 Kg7 63. Kc3 Kh7 64. Kd4 Ra5 65. Kc4 Kg7 66. Kb4 Ra1 67. Kc5 Kh7 68. Kd6 Ra6+ 69. Ke5 Ra5+ 70. Kf4 Kg7 71. Kg5 Kh7 72. Rf8 Rxa7 73. Rxf5 Rg7+ 74. Kf4 Kh6 75. e4 Rg6 76. e5 {[%emt 0:00:00] Threatening mate with Rf6.} Kh7 77. Rh5+ 1-0